 Dungeon Crawl Stone Soup version 0.27-a0-100-gf312352147 (webtiles) character file.

Game seed: 1916024116772184125

122 Trishak the Ruffian (level 4, -15/35 HPs)
             Began as a Draconian Transmuter on Jan 21, 2021.
             Demolished by Sigmund
             ... wielding a +0 scythe
              (16 damage)
             ... on level 3 of the Dungeon.
             The game lasted 00:07:29 (3175 turns).

Trishak the Ruffian (Draconian Transmuter)          Turns: 3175, Time: 00:07:29

Health: -15/35     AC:  6    Str: 13    XL:     4   Next: 78%
Magic:  7/7        EV: 12    Int: 13    God:
Gold:   107        SH:  0    Dex: 12    Spells: 5/8 levels left

rFire    . . .     SeeInvis .     - Unarmed
rCold    . . .     Faith    .   (no shield)
rNeg     . . .     Spirit   .   (armour unavailable)
rPois    .         Reflect  .   (helmet restricted)
rElec    .         Harm     .   a - +0 cloak
rCorr    .         Rampage  .   (no gloves)
Will     .....                  (no boots)
Stlth    +.........             (no amulet)
HPRegen  0.11/turn              (no ring)
MPRegen  0.10/turn              (no ring)

@: confused
A: unfitting armour, cold-blooded, AC +5
a: no special abilities


You were on level 3 of the Dungeon.
You visited 1 branch of the dungeon, and saw 3 of its levels.

You collected 107 gold pieces.

Inventory:

Armour
 a - a +0 cloak (worn)
Scrolls
 d - 5 scrolls of identify {unknown}
 e - a scroll of enchant weapon {unknown}
 f - 2 scrolls of teleportation {unknown}
 g - a scroll of fog {unknown}
 h - a scroll of amnesia {unknown}
Potions
 b - a potion of flight {unknown}
 c - 2 potions of attraction {unknown}


   Skills:
 + Level 1.5 Fighting
 + Level 2.1 Dodging
 + Level 1.1 Stealth
 + Level 4.0 Unarmed Combat
 + Level 2.6 Spellcasting
 + Level 2.9 Transmutations


You had 5 spell levels left.
You knew the following spells:

 Your Spells              Type           Power        Failure   Level
a - Beastly Appendage     Tmut           18%          7%          1
b - Wereblood             Tmut           9%           11%         2

Your spell library contained the following spells:

 Spells                   Type           Power        Failure   Level
 Spider Form              Tmut/Pois      2%           36%         3
 Ice Form                 Ice/Tmut       5%           78%         4
 Blade Hands              Tmut           4%           89%         5


Dungeon Overview and Level Annotations

Branches:
Dungeon (3/15)

Altars:
Xom

Annotations:
D:3 Sigmund


Innate Abilities, Weirdness & Mutations

Your plain brown scales are hard. (AC +5)
You cannot fit into any form of body armour.
You are cold-blooded and may be slowed by cold attacks.


Message History

Sigmund barely misses you.
You're too confused to cast spells.
Unknown command.
You're too confused to cast spells.
You bump into the rock wall.
You bump into the rock wall.
Sigmund hits you from afar with a +0 scythe.
You feel less confused.
Sigmund hits you from afar with a +0 scythe!
* * * LOW HITPOINT WARNING * * *
Sigmund casts a spell at you.
You are confused.
There is a stone staircase leading up here.
You can't go down here!
Sigmund hits you from afar with a +0 scythe!
* * * LOW HITPOINT WARNING * * *
In your confused state, you trip and fall back down the stairs.
* * * LOW HITPOINT WARNING * * *
Sigmund hits you from afar with a +0 scythe!
You die...

## ... ..
#.####
#....#
#@####
#..@.##
####..######
##[#....#
#()....#
###....#
#....#
#....#
#....#


You could see Sigmund.

Vanquished Creatures
  2 jellies (D:2)
  An adder (D:2)
  A worm (D:2)
  A leopard gecko (D:1)
  3 orcs (D:3)
  5 bats
  2 giant cockroaches
  6 goblins
  6 hobgoblins
  An iguana (D:2)
  4 jackals (D:2)
  A quokka (D:2)
  5 kobolds
  3 rats
41 creatures vanquished.

Notes
Turn   | Place    | Note
-------+----------+-------------------------------------------
     0 | D:1      | Trishak the Draconian Transmuter began the quest for the
                  | Orb.
     0 | D:1      | Reached XP level 1. HP: 16/16 MP: 3/3
   527 | D:1      | Reached XP level 2. HP: 6/23 MP: 5/5
  1504 | D:2      | Found a faded altar of an unknown god.
  1790 | D:2      | Found a shimmering altar of Xom.
  1852 | D:2      | Reached XP level 3. HP: 17/28 MP: 4/6
  1986 | D:2      | Reached skill level 1 in Stealth
  1986 | D:2      | Reached XP level 4. HP: 19/35 MP: 5/7
  2228 | D:2      | Learned a level 2 spell: Wereblood
  2688 | D:3      | Noticed Sigmund
  2727 | D:3      | Reached skill level 4 in Unarmed Combat
  2746 | D:3      | HP: 1/35 [Sigmund/magic dart (7)]
  3175 | D:3      | HP: 1/35 [fell downstairs (1)]
  3175 | D:3      | Demolished by Sigmund

Illustrated notes

Levels and vault maps discovered:
D:1:      nzn_arrival_settlement, layout_loops_corners
D:2:      layout_rooms, chequers_ecumenical_altar_simple_redux,
          dk_xom_monty_hall
D:3:      layout_rooms, minitemple, uniq_sigmund, uniq_robin

Skill      XL: |  1  2  3  4 |
---------------+-------------+-----
Dodging        | 2 |  2.1
Stealth        | 1 |  1.1
Unarmed Combat | 4 |  4.0
Fighting       | |  1.5
Spellcasting   | |  2.6
Transmutations | |  2.9

Action                   |  1- 3 |  4- 6 || total
-------------------------+-------+-------++-------
Melee: Unarmed           |    80 |    44 ||   124
       Kick              |     6 |     6 ||    12
       Tailslap          |     5 |     6 ||    11
       Headbutt          |     9 |     5 ||    14
       Punch             |     1 |     1 ||     2
 Cast: Beastly Appendage |    17 |    10 ||    27
       Wereblood         |       |     2 ||     2
 Stab: Distracted        |     1 |       ||     1
Armor: Skin              |    28 |    32 ||    60
Dodge: Dodged            |    67 |    42 ||   109

Table legend: (Time is in decaauts)
 A = Elapsed time spent in this place.
 B = Non-inter-level travel time spent in this place.
 C = Inter-level travel time spent in this place.
 D = Time resting spent in this place.
 E = Time spent auto-exploring this place.
 F = Levels seen in this place.
 G = Mean time per level.
                   A        B        C        D        E       F      G
               +--------+--------+--------+--------+--------+-----+--------+
         Total |   3167 |   2942 |    225 |   1201 |    916 |   3 | 1055.7 |
       Dungeon |   3167 |   2942 |    225 |   1201 |    916 |   3 | 1055.7 |
               +--------+--------+--------+--------+--------+-----+--------+

Top non-repeatable levels by time:
     D:2: 1536 daAuts
     D:1: 1501 daAuts
     D:3: 129 daAuts
